 Dungeon Crawl Stone Soup version 0.29.1-13-g9f3cf754e1 (webtiles) character file.

Game seed: 8970780476762983422

529332 Olfrad the Conqueror (level 24, -45/249 HPs)
             Began as a Minotaur Berserker on Jan 31, 2023.
             Was an Elder of Trog.
             Killed from afar by a red draconian scorcher (50 damage)
             ... with a bolt of fire
             ... led by a red draconian scorcher
             ... on level 4 of the Realm of Zot on Feb 2, 2023.
             The game lasted 07:24:04 (85689 turns).

Olfrad the Conqueror (Minotaur Berserker)          Turns: 85689, Time: 07:24:04

Health: -45/249    AC:  0    Str: 32      XL:     24   Next: 37%
Magic:  20/22      EV: 21    Int:  1 (2)  God:    Trog [****..]
Gold:   3319       SH:  5    Dex: 10 (12) Spells: 23/23 levels left

rFire   . . .      SeeInvis .   (weapon currently unavailable)
rCold   . . .      Faith    .   (shield currently unavailable)
rNeg    + + .      Spirit   .   (body armour currently unavailable)
rPois   .          Reflect  +   (helmet currently unavailable)
rElec   +          Harm     .   (cloak currently unavailable)
rCorr   .          Rampage  .   (gloves currently unavailable)
Will    +....                   (boots currently unavailable)
Stlth   +.........              J - amulet of Lies {Reflect rElec rN++ Int-2 SH+5}
HPRegen 0.51/turn               (ring currently unavailable)
MPRegen 0.18/turn               (ring currently unavailable)

@: pig-form, unable to drink, very quick
A: fast, no casting, small, (horns 2), (retaliatory headbutt), (deformed body),
deterioration 2, subdued magic 2, inability to drink after injury 1
}: 3/15 runes: serpentine, barnacled, silver
a: Renounce Religion, Berserk, Trog's Hand, Brothers in Arms


You were on level 4 of the Realm of Zot.
You worshipped Trog.
Trog was greatly pleased with you.
You were a filthy swine.
You visited 8 branches of the dungeon, and saw 44 of its levels.
You visited the Abyss 1 time.
You also visited: Ice Cave and Volcano.

You collected 5958 gold pieces.
You spent 2639 gold pieces at shops.

Inventory:

Hand Weapons
 a - the +3 war axe of Buyggaso {protect, rPois Dex+2}
   (You found it on level 5 of the Lair of Beasts)

   It grants its wielder temporary protection when it strikes (+7 to AC).
   Dex:       It affects your dexterity (+2).
   rPois:     It protects you from poison.
 b - the +6 hand axe "Erghomiva" {flame, +Blink rF+}
   (You took it off an orc wizard on level 8 of the Dungeon)

   It burns those it strikes, dealing additional fire damage.
   Big, fiery blades are also staple armaments of hydra-hunters.
   rF:        It protects you from fire.
   +Blink:    It lets you blink.
 R - a +9 antimagic broad axe (melded)
Missiles
 A - 10 atropa-tipped darts
 N - 22 poisoned darts (quivered)
 P - 19 boomerangs
Armour
 n - a +3 plate armour of fire resistance
 p - the +8 tower shield "Fodwep" (melded) {rElec Str+3}
   (You acquired it on level 1 of the Depths)

   Str:       It affects your strength (+3).
   rElec:     It insulates you from electricity.
 v - a +2 pair of gloves of strength (melded)
 z - a +2 hat of intelligence (melded)
 L - a +2 pair of boots (melded)
 S - a +2 cloak (melded)
 W - a +4 plate armour of cold resistance (melded)
Jewellery
 m - a ring of protection from fire (melded)
 q - a ring of poison resistance
 t - a ring of see invisible
 x - an amulet of regeneration
 J - the amulet of Lies (around neck) {Reflect rElec rN++ Int-2 SH+5}
   (You bought it in a shop on level 1 of the Snake Pit)

   [amulet of reflection]

   It reflects blocked missile attacks.
   Int:       It affects your intelligence (-2).
   rElec:     It insulates you from electricity.
   rN:        It greatly protects you from negative energy.
   SH:        It affects your SH (+5).
 U - a ring of willpower (melded)
 V - a ring of protection from cold
Wands
 l - a wand of light (11)
 y - a wand of polymorph (13)
 D - a wand of mindburst (18)
 H - a wand of roots (30)
 T - a wand of flame (44)
 Y - a wand of paralysis (32)
Scrolls
 c - 10 scrolls of fog
 d - 9 scrolls of poison
 g - 2 scrolls of summoning
 j - 10 scrolls of magic mapping
 o - 21 scrolls of teleportation
 B - 3 scrolls of blinking
 C - 7 scrolls of fear
 E - 6 scrolls of noise
 I - 6 scrolls of enchant weapon
 M - 3 scrolls of brand weapon
 Q - 4 scrolls of silence
Potions
 e - 8 potions of lignification
 f - 15 potions of curing
 i - 11 potions of attraction
 k - 2 potions of ambrosia
 r - 8 potions of flight
 s - 6 potions of haste
 u - 4 potions of cancellation
 w - 4 potions of heal wounds
 F - 3 potions of invisibility
 K - 9 potions of mutation
 O - 6 potions of might
Miscellaneous
 h - a box of beasts (inert)
 G - a tin of tremorstones (1/2)
 X - a condenser vane (inert)
 Z - a lightning rod (4/4)


   Skills:
 O Level 27 Fighting
 - Level 1.0(1.2) Short Blades
 - Level 1.1(1.3) Long Blades
 + Level 22.2 Axes
 - Level 1.0(14.7) Maces & Flails
 - Level 1.0 Ranged Weapons
 - Level 8.0 Throwing
 - Level 22.8 Armour
 - Level 18.5 Dodging
 - Level 0.1 Stealth
 - Level 21.1 Shields
 - Level 0.9 Invocations
 - Level 12.8 Evocations


You had 23 spell levels left.
You didn't know any spells.
Your spell library contained the following spells:

 Spells                   Type           Power      Damage    Failure   Level
 Beastly Appendage        Tmut           0%         N/A       47%         1
 Magic Dart               Conj           0%         1d3       47%         1
 Slow                     Hex            0%         N/A       47%         1
 Summon Small Mammal      Summ           0%         N/A       47%         1
 Ensorcelled Hibernation  Hex/Ice        0%         N/A       63%         2
 Searing Ray              Conj           0%         2d4       63%         2
 Sublimation of Blood     Necr           0%         N/A       63%         2
 Wereblood                Tmut           0%         N/A       63%         2
 Call Canine Familiar     Summ           0%         N/A       87%         3
 Confusing Touch          Hex            0%         N/A       87%         3
 Frozen Ramparts          Ice            0%         1d1       87%         3
 Ignite Poison            Fire/Tmut/Pois 0%         N/A       87%         3
 Mephitic Cloud           Conj/Pois/Air  0%         N/A       87%         3
 Portal Projectile        Hex/Tloc       0%         N/A       87%         3
 Spider Form              Tmut/Pois      0%         N/A       87%         3
 Stone Arrow              Conj/Erth      0%         3d7       87%         3
 Summon Guardian Golem    Hex/Summ       0%         N/A       87%         3
 Vampiric Draining        Necr           0%         2d6       87%         3
 Anguish                  Hex/Necr       0%         N/A       99%         4
 Animate Armour           Summ/Erth      0%         N/A       99%         4
 Cause Fear               Hex            0%         N/A       99%         4
 Fulminant Prism          Conj/Hex       0%         3d6       99%         4
 Ice Form                 Ice/Tmut       0%         N/A       99%         4
 Leda's Liquefaction      Hex/Erth       0%         N/A       99%         4
 Petrify                  Tmut/Erth      0%         N/A       99%         4
 Summon Ice Beast         Ice/Summ       0%         N/A       99%         4
 Freezing Cloud           Conj/Ice/Air   0%         6-21      100%        5
 Irradiate                Conj/Tmut      0%         3d11      100%        5
 Metabolic Englaciation   Hex/Ice        0%         N/A       100%        5
 Simulacrum               Ice/Necr       0%         N/A       100%        6
 Statue Form              Tmut/Erth      0%         N/A       100%        6
 Dragon Form              Tmut           0%         N/A       100%        7
 Lehudib's Crystal Spear  Conj/Erth      0%         10d2      100%        8
 Dragon's Call            Summ           0%         N/A       100%        9
 Polar Vortex             Ice            0%         N/A       100%        9


Dungeon Overview and Level Annotations

Branches:
Dungeon (15/15)            Temple (0/1) D:5            Lair (5/5) D:9
 Shoals (4/4) Lair:3        Snake (4/4) Lair:3        Slime (0/5) Lair:4
    Orc (2/2) D:11            Elf (0/3) Orc:2        Vaults (5/5) D:14
  Crypt (0/3) Vaults:2     Depths (4/4) D:15            Zot (5/5) Depths:4
  IceCv (visited)         Volcano (visited)

Altars:
Dithmenos
Elyvilon
Fedhas
Kikubaaqudgha
Makhleb
Nemelex Xobeh
Qazlal
Sif Muna
Uskayaw
Vehumet
Xom
Zin
Jiyva
Lugonu

Shops:
D:12 *   Orc:2 ([*:   Shoals:3 ?*   Snake:1 [[=   Snake:4 =   Vaults:2 (
Vaults:5 :*[!   Depths:2 *   Depths:4 *

Portals:
Hell: Depths:1 Depths:2 Depths:3 Depths:4
Abyss: Shoals:4 Depths:3
Pandemonium: Depths:2 Depths:3
Ziggurat: Depths:1

Annotations:
D:6 1 runed translucent door, Crazy Yiuf
D:15 2 transporters, exclusion: orange crystal statue, Ruat's ghost, adept DECj
Shoals:1 Roxanne
Shoals:4 1 runed translucent door
Snake:1 1 transporter
Vaults:1 2 transporters, exclusion: orange crystal statue
Vaults:3 8 runed translucent doors, MacCMillion's ghost, adept DgGl
Depths:4 1 runed translucent door, Rong's ghost, journeyman DsGl
Zot:4 1 transporter


Innate Abilities, Weirdness & Mutations

You are a filthy swine.
You move quickly.
Your equipment is almost entirely melded.
You are incapable of wielding weapons or throwing items.
You cannot cast spells.
((You have a pair of horns on your head.))
((You reflexively headbutt those who attack you in melee.))
((Armour fits poorly on your strangely shaped body.))
Your body often deteriorates upon taking damage.
Your spells are easier to cast, but less powerful.
You occasionally lose the ability to drink potions when taking damage.


Message History

You are no longer poisoned.
The Orb Guardian enters a dispersal trap!
The orb of fire blinks!
The green draconian blinks!
You blink.
The red draconian scorcher breathes fire at you.
Really walk onto that alarm trap?
You set off the alarm!
The alarm trap emits a blaring wail!
The mark upon you grows brighter.
A golden dragon comes into view.
You hear a roar! x3
Your surroundings suddenly seem different.
Your extra speed is starting to run out.
You feel a little less mighty now.
You feel yourself slow down.
There is a stone staircase leading up here.
You climb upwards.
Level annotation: 1 transporter Reactivating autopickup.
There is a stone staircase leading down here.
You start resting.
You flicker for a moment.
You start resting.
You flicker back into view.
You start resting.
The sentinel's mark upon you fades away.
You start resting.
A red draconian scorcher comes into view.
It is wielding a +0 dagger.
The red draconian scorcher points at you and mumbles some strange words.
The fireball explodes!
The fireball engulfs you!!!
You feel threatened and lose the ability to drink potions!
* * * LOW HITPOINT WARNING * * *
Your body deteriorates!
You feel clumsy.
A red draconian scorcher comes into view.
It is wielding a +0 short sword.
There is a stone staircase leading up here.
The red draconian scorcher breathes fire at you.
The searing blast hits you!!
* * * LOW HITPOINT WARNING * * *
The red draconian scorcher points at you and mumbles some strange words.
The bolt of fire hits you!!!
You die...

...# #.......#.....##...########
#######....###########...........
#......#### #.........>.
#.........# #...########
#.....?...# ##### ###.......#####
#....####...# #....# #☼..# #####
#....####.h.######...######
#..........................
#..........................
##...####..................
#######...q###q..#....#####...###
...#........q.q......## ######..
....................## .z..#...
..............>##...# .##.###. #.
..######...#...####.# ... .#


You could see 2 draconians.

Vanquished Creatures
  An ancient lich (Zot:5)
  3 orbs of fire
  Mara (Shoals:4)
  A juggernaut (Depths:2)
  Vashnia (Snake:3)
  Margery (Vaults:2)
  Saint Roka (Depths:3)
  A curse toe (Zot:2)
  Nikola (Shoals:4)
  11 golden dragons
  2 bone dragons (Depths:4)
  Jorgrun (D:14)
  An electric golem (Zot:2)
  15 tentacled monstrosities
  3 liches
  A walking earthen tome (Depths:2)
  Rupert (Lair:4)
  4 titans
  8 Orb Guardians (Zot:5)
  10 quicksilver dragons
  7 sphinxes
  5 death cobs
  A kraken (Shoals:4)
  Polyphemus (Shoals:4)
  12 shadow dragons
  5 nagarajas
  Kirke (Lair:3)
  14 storm dragons
  6 draconian monks
  4 tengu reavers
  Donald (Shoals:1)
  2 draconian knights
  5 frost giants
  4 fire giants
  8 vault wardens
  An orc warlord (Vaults:1)
  A balrug (Depths:1)
  3 draconian scorchers
  10 draconian shifters
  2 draconian annihilators
  27 stone giants
  2 draconian stormcallers
  3 ironbound thunderhulks
  3 war gargoyles
  16 ironbound preservers
  5 green draconians
  17 very ugly things
  5 vampire knights
  8 black draconians
  6 spark wasps
  3 deep elf demonologists
  An entropy weaver (Vaults:3)
  12 purple draconians
  2 lorocyprocas (Depths:3)
  14 yellow draconians
  9 red draconians
  6 white draconians
  13 dire elephants
  3 deep elf death magi (Vaults:5)
  5 merfolk javelineers
  9 fire dragons
  A crystal guardian (Vaults:1)
  5 jiangshi (Depths:3)
  13 ettins
  2 deep elf high priests (Vaults:5)
  13 yaktaur captains
  6 great orbs of eyes
  17 merfolk impalers
  10 ice dragons
  2 rakshasas
  2 catoblepae
  A hydra (shapeshifter) (Vaults:5)
  Erolcha (D:11)
  5 boulder beetles
  The ghost of duchin the Nimble, a journeyman MfWn of Nemelex Xobeh (D:10)
  6 ironbound frosthearts
  13 centaur warriors
  5 merfolk avatars
  8 ogre magi
  7 salamander tyrants
  A peacekeeper (Vaults:2)
  30 vault guards
  10 anacondas
  2 alligator snapping turtles
  6 hydras
  A satyr (shapeshifter) (Vaults:5)
  29 two-headed ogres
  2 satyrs
  Erica (Lair:1)
  8 deep troll shamans
  3 merfolk aquamancers
  9 naga warriors
  5 tengu warriors
  3 death yaks
  4 vampire magi
  5 deep troll earth magi
  2 spriggan berserkers (Depths:2)
  26 naga sharpshooters
  13 hell knights
  A sun demon (Depths:3)
  4 shock serpents
  Amaemon (D:10)
  A soul eater (Vaults:2)
  9 iron trolls
  An orb spider (shapeshifter) (Vaults:5)
  10 salamander mystics
  7 sea snakes
  3 phantasmal warriors
  2 orc knights
  A bog body (IceCv)
  6 wizards
  4 flayed ghosts
  55 deep trolls
  4 glowing orange brains
  15 ironbound convokers
  Pikel (D:5)
  8 naga ritualists
  A tengu zombie (Vaults:2)
  A swamp dragon (Lair:5)
  21 harpies
  8 necromancers
  4 lindwurms
  A deep elf pyromancer (D:13)
  A wolf spider (Lair:1)
  The ghost of FaviusArthum the Thaumaturge, a novice DENe of Sif Muna (D:6)
  A frost giant zombie (Vaults:2)
  6 mana vipers
  2 orc sorcerers
  33 ugly things
  A wolf spider (shapeshifter) (Vaults:5)
  11 manticores
  7 cyclopes
  A moth of wrath (shapeshifter) (Depths:4)
  44 slime creatures
  A salamander (shapeshifter) (D:14)
  19 salamanders
  6 fauns
  26 elephants
  A water nymph (shapeshifter) (Vaults:5)
  A faun (shapeshifter) (Vaults:5)
  An elephant (shapeshifter) (Vaults:3)
  25 moths of wrath
  A stone giant skeleton (Vaults:3)
  A torpor snail (Lair:5)
  29 black mambas
  5 guardian serpents (Snake:4)
  9 merfolk sirens
  A rust devil (Depths:3)
  4 water nymphs
  3 smoke demons
  3 gargoyles
  13 naga magi
  20 vault sentinels
  2 ice statues (IceCv)
  15 cane toads
  3 orange demons
  A freezing wraith (IceCv)
  5 anaconda simulacra (IceCv)
  6 rime drakes (Lair:5)
  12 yaktaurs
  7 ice devils
  A tormentor (Depths:3)
  13 komodo dragons
  2 hellwings (Depths:3)
  2 tengu conjurers
  A tengu simulacrum (Vaults:2)
  A polar bear (Lair:2)
  3 human zombies
  3 trolls
  A troll (shapeshifter) (Vaults:5)
  31 merfolk
  6 wind drakes
  A wind drake (shapeshifter) (Vaults:5)
  14 blink frogs
  A hornet (shapeshifter) (D:15)
  6 snapping turtles
  A dream sheep (shapeshifter) (Depths:1)
  15 dream sheep
  Prince Ribbit (D:6)
  A raiju (shapeshifter) (Depths:2)
  Sigmund (D:2)
  A dire elephant simulacrum (IceCv)
  19 water elementals
  A ynoxinul (Depths:3)
  An ettin skeleton (Vaults:2)
  A centaur simulacrum (D:13)
  3 vampires
  2 wyverns
  A shadow (D:11)
  2 hogs (Lair:3)
  An elf zombie (Vaults:2)
  48 yaks
  11 basilisks
  3 steam dragons
  19 humans (D:14)
  A redback (shapeshifter) (Vaults:5)
  6 vampire mosquitoes (D:11)
  A death yak simulacrum (IceCv)
  A human simulacrum (Vaults:3)
  A neqoxec (Depths:3)
  An elf skeleton (Vaults:2)
  4 wargs
  A harpy simulacrum (IceCv)
  41 nagas
  Edmund (D:5)
  3 hydra simulacra (IceCv)
  6 acid dragons
  18 water moccasins
  5 sky beasts
  An elf simulacrum (Vaults:3)
  20 orc warriors
  40 ogres
  A wolf (shapeshifter) (Vaults:5)
  19 boggarts
  21 centaurs
  5 wolves
  4 lemures (D:5)
  A phantom (D:5)
  7 kobold brigands
  A bullfrog (shapeshifter) (D:15)
  11 bullfrogs
  2 cane toad simulacra (IceCv)
  A human skeleton (Vaults:2)
  3 gnoll sergeants
  A necrophage (D:5)
  3 scorpions
  10 wights
  3 killer bees (D:8)
  15 howler monkeys
  7 jellies
  15 orc priests
  12 hounds
  A gnoll bouda (D:6)
  7 iguanas
  2 troll simulacra (IceCv)
  27 orc wizards
  22 gnolls
  15 adders
  2 shadow imps
  2 white imps (D:7)
  4 ufetubi
  A worm (D:3)
  A dart slug (D:3)
  54 orcs
  7 bats
  3 endoplasms
  4 giant cockroaches
  10 goblins
  5 hobgoblins
  11 jackals
  3 quokkas
  8 ball pythons
  2 frilled lizards
  24 kobolds
  5 rats
  3 tentacles (Shoals:4)
1839 creatures vanquished.

Vanquished Creatures (collateral kills)
  A sphinx (shapeshifter) (Vaults:5)
  A shadow dragon (Zot:2)
  A vault warden (Vaults:5)
  A draconian stormcaller (Depths:4)
  Snorg (D:11)
  A merfolk impaler (Shoals:1)
  2 death yaks (Lair:5)
  A salamander mystic (Snake:1)
  2 manticores
  2 elephants (Lair:5)
  A merfolk (Shoals:1)
  A wyvern (Lair:5)
  A basilisk (Lair:5)
  A vampire (D:11)
  An orc warrior (Orc:2)
  2 ogres (Orc:2)
20 creatures vanquished.

Vanquished Creatures (others)
  A storm dragon (Zot:4)
  An alligator snapping turtle (Shoals:3)
  A naga (Snake:1)
  A sky beast (D:7)
  An orc (D:8)
  58 fungi
  243 plants
  3 tentacles (Shoals:4)
309 creatures vanquished.

Grand Total: 2168 creatures vanquished

Notes
Turn   | Place    | Note
-------+----------+-------------------------------------------
     0 | D:1      | Olfrad the Minotaur Berserker began the quest for the Orb.
     0 | D:1      | Reached XP level 1. HP: 19/19 MP: 0/0
   289 | D:1      | Reached XP level 2. HP: 27/27 MP: 1/1
   290 | D:1      | Reached skill level 4 in Fighting
  1001 | D:2      | Reached XP level 3. HP: 33/33 MP: 2/2
  1451 | D:2      | Reached skill level 5 in Axes
  1457 | D:2      | Reached XP level 4. HP: 19/40 MP: 3/3
  1674 | D:2      | Reached ** piety under Trog
  2084 | D:2      | Noticed Sigmund
  2103 | D:2      | Killed Sigmund
  2104 | D:2      | Reached skill level 1 in Shields
  2104 | D:2      | Reached XP level 5. HP: 27/46 MP: 4/4
  2104 | D:2      | Reached XP level 6. HP: 31/52 MP: 5/5
  2452 | D:3      | Found a faded altar of an unknown god.
  3195 | D:3      | Found a stormy altar of Qazlal.
  3201 | D:3      | Found a shadowy altar of Dithmenos.
  4230 | D:5      | Entered Level 5 of the Dungeon
  4405 | D:5      | Reached XP level 7. HP: 55/59 MP: 6/6
  4461 | D:5      | Reached skill level 10 in Axes
  4474 | D:5      | Identified the +1 pair of gloves of Sin {*Corrode rF+ Will+
                  | Str+4}
  4770 | D:5      | Found a blossoming altar of Fedhas.
  4829 | D:5      | Reached XP level 8. HP: 60/66 MP: 7/7
  4863 | D:5      | Noticed Pikel
  4981 | D:5      | Killed Pikel
  5108 | D:5      | Noticed Edmund
  5129 | D:5      | Killed Edmund
  5166 | D:5      | Found a staircase to the Ecumenical Temple.
  5318 | D:5      | Reached *** piety under Trog
  5752 | D:6      | Reached XP level 9. HP: 71/71 MP: 8/8
  6076 | D:6      | Reached skill level 15 in Axes
  6193 | D:6      | Found a runed translucent gate.
  6193 | D:6      | Noticed FaviusArthum's ghost (novice DENe)
  6194 | D:6      | Found a runed translucent gate.
  6195 | D:6      | Found a runed translucent gate.
  6197 | D:6      | Identified the +3 dagger of Satyriasis {vorpal, rC+}
  6359 | D:6      | Noticed Prince Ribbit
  6366 | D:6      | Killed Prince Ribbit
  6766 | D:6      | Noticed a troll
  6773 | D:6      | Killed a troll
  6774 | D:6      | Reached skill level 5 in Armour
  6817 | D:6      | Reached XP level 10. HP: 65/79 MP: 9/9
  6968 | D:6      | Reached **** piety under Trog
  7104 | D:6      | Found a runed translucent door.
  7105 | D:6      | Noticed Crazy Yiuf
  7719 | D:7      | Found a sparkling altar of Nemelex Xobeh.
  7719 | D:7      | Found a white marble altar of Elyvilon.
  7720 | D:7      | Found a hide-covered altar of Uskayaw.
  7721 | D:7      | Found a glowing silver altar of Zin.
  7979 | D:7      | Reached skill level 1 in Maces & Flails
  8306 | D:8      | Identified the +6 hand axe "Erghomiva" {flame, +Blink rF+}
  8508 | D:8      | Reached skill level 10 in Armour
  8826 | D:8      | Noticed a two-headed ogre
  8840 | D:8      | Killed a two-headed ogre
  8841 | D:8      | Reached XP level 11. HP: 84/84 MP: 10/10
  9327 | D:9      | Reached skill level 5 in Fighting
  9493 | D:9      | Reached ***** piety under Trog
  9516 | D:9      | Reached skill level 6 in Fighting
  9806 | D:9      | Found a staircase to the Lair.
  9933 | D:10     | Entered Level 10 of the Dungeon
  9938 | D:10     | Found a runed translucent gate.
  9938 | D:10     | Found a runed translucent gate.
  9938 | D:10     | Found a runed translucent gate.
  9938 | D:10     | Noticed a glowing orange brain
  9938 | D:10     | Noticed duchin's ghost (journeyman MfWn)
  9965 | D:10     | Reached skill level 7 in Fighting
 10040 | D:10     | Noticed Amaemon
 10055 | D:10     | Killed Amaemon
 10059 | D:10     | Reached skill level 8 in Fighting
 10230 | D:10     | Noticed a two-headed ogre
 10252 | D:10     | Killed a two-headed ogre
 10253 | D:10     | Reached skill level 9 in Fighting
 10307 | D:10     | Found a radiant altar of Vehumet.
 10398 | D:10     | Found an ancient bone altar of Kikubaaqudgha.
 10398 | D:10     | Noticed a two-headed ogre
 10399 | D:10     | Found a shimmering blue altar of Sif Muna.
 10405 | D:10     | Killed a two-headed ogre
 10406 | D:10     | Reached skill level 10 in Fighting
 10556 | D:10     | Got Sif Muna's Anthology of Leadership
 10793 | D:10     | Reached skill level 11 in Fighting
 11233 | D:10     | Found a viscous altar of Jiyva.
 11458 | D:11     | Noticed Erolcha
 11461 | D:11     | Noticed Snorg
 11476 | D:11     | Killed Snorg
 11477 | D:11     | Reached skill level 5 in Shields
 11487 | D:11     | Killed Erolcha
 11488 | D:11     | Reached XP level 12. HP: 80/110 MP: 11/11
 11632 | D:11     | Found a shimmering altar of Xom.
 11645 | D:11     | Found a frozen archway.
 11657 | IceCv    | Entered an ice cave
 12859 | IceCv    | Reached skill level 10 in Shields
 13248 | D:11     | Noticed a boulder beetle
 13267 | D:11     | Killed a boulder beetle
 13284 | D:11     | Noticed a six-headed hydra
 13288 | D:11     | Killed a four-headed hydra
 13593 | D:11     | Found a staircase to the Orcish Mines.
 13676 | D:11     | Found a shimmering altar of Xom.
 13677 | D:11     | Found a shimmering altar of Xom.
 13678 | D:11     | Found a shimmering altar of Xom.
 13939 | D:12     | Reached skill level 1 in Evocations
 14095 | D:12     | Noticed a boulder beetle
 14102 | D:12     | Reached skill level 12 in Fighting
 14113 | D:12     | Killed a boulder beetle
 14358 | D:12     | Found Xitzo's Assorted Antiques.
 14361 | D:12     | Bought 3 scrolls labelled TESE JEDGHEXTIO for 93 gold
                  | pieces
 14361 | D:12     | Bought a scroll of identify for 62 gold pieces
 14407 | D:12     | Noticed a boulder beetle
 14440 | D:12     | Killed a boulder beetle
 14552 | D:12     | Reached XP level 13. HP: 108/118 MP: 12/12
 15514 | D:12     | Found a shimmering blue altar of Sif Muna.
 15644 | Lair:1   | Entered Level 1 of the Lair of Beasts
 16038 | Lair:1   | Noticed Erica
 16053 | Lair:1   | Killed Erica
 16054 | Lair:1   | Reached skill level 1 in Throwing
 16161 | Lair:1   | Reached skill level 5 in Evocations
 18044 | Lair:2   | Reached skill level 5 in Dodging
 19084 | Lair:3   | Reached skill level 1 in Short Blades
 19084 | Lair:3   | Reached skill level 1 in Long Blades
 19084 | Lair:3   | Reached skill level 1 in Ranged Weapons
 19271 | Lair:3   | Noticed Kirke
 19363 | Lair:3   | Killed Kirke
 19791 | Lair:3   | Found a staircase to the Shoals.
 19803 | Lair:3   | Found a staircase to the Snake Pit.
 20112 | Lair:4   | Noticed Rupert
 20130 | Lair:4   | Killed Rupert
 20131 | Lair:4   | Reached skill level 5 in Throwing
 20211 | Lair:4   | Found a staircase to the Slime Pits.
 20241 | Lair:4   | Reached XP level 14. HP: 126/126 MP: 13/13
 20844 | Lair:4   | Identified the +1 robe "Boma" {SInv}
 21278 | Lair:5   | Entered Level 5 of the Lair of Beasts
 21448 | Lair:5   | Reached skill level 10 in Dodging
 22781 | Lair:5   | Identified the +3 war axe of Buyggaso {protect, rPois
                  | Dex+2}
 24121 | Lair:5   | Reached XP level 15. HP: 89/132 MP: 14/14
 24461 | Orc:1    | Entered Level 1 of the Orcish Mines
 24461 | Orc:1    | Found a dark tunnel.
 24502 | Volcano  | Entered a volcano
 24522 | Volcano  | Found a burning altar of Makhleb.
 24646 | Volcano  | Reached skill level 13 in Fighting
 25177 | Orc:2    | Entered Level 2 of the Orcish Mines
 25177 | Orc:2    | Found a staircase to the Elven Halls.
 25206 | Orc:2    | Found a burning altar of Makhleb.
 25253 | Orc:2    | Reached skill level 14 in Fighting
 26029 | Orc:2    | Found Yqoef's Antique Armour Boutique.
 26100 | Orc:2    | Found Luihiceu's Book Emporium.
 26101 | Orc:2    | Found Piurph's Antique Weapon Shoppe.
 26101 | Orc:2    | Found Xiolyk's Assorted Antiques.
 26117 | Orc:2    | Bought a scroll of silence for 256 gold pieces
 26753 | D:13     | Reached skill level 15 in Shields
 27217 | D:13     | Found a viscous altar of Jiyva.
 28325 | D:14     | Found a gate to the Vaults.
 28668 | D:14     | Noticed Jorgrun
 28688 | D:14     | Killed Jorgrun
 28689 | D:14     | Reached XP level 16. HP: 109/146 MP: 15/15
 29271 | D:15     | Entered Level 15 of the Dungeon
 29893 | D:15     | Noticed Ruat's ghost (adept DECj)
 30490 | D:15     | Found a transporter.
 30585 | D:15     | Found a staircase to the Depths.
 30954 | D:15     | Found a transporter.
 31452 | D:6      | Killed FaviusArthum's ghost
 31479 | D:6      | Identified the -1 helmet of Quint {Fly}
 31715 | Snake:1  | Entered Level 1 of the Snake Pit
 32185 | Snake:1  | Reached skill level 10 in Evocations
 32282 | Snake:1  | Found a shimmering blue altar of Sif Muna.
 32286 | Snake:1  | Found a transporter.
 32826 | Snake:1  | Found Igeg's Jewellery Emporium.
 32828 | Snake:1  | Found Noeqyjem's Antique Armour Shoppe.
 32830 | Snake:1  | Found Obbecu's Antique Armour Emporium.
 32852 | Snake:1  | Bought the amulet of Lies {Reflect rElec rN++ Int-2 SH+5}
                  | for 704 gold pieces
 32893 | Snake:1  | Bought a pair of embroidered gloves for 225 gold pieces
 33001 | Snake:1  | Reached skill level 15 in Armour
 35159 | Snake:3  | Noticed Vashnia
 35811 | Snake:3  | Reached XP level 17. HP: 146/152 MP: 16/16
 36172 | Snake:3  | Killed Vashnia
 36712 | Snake:4  | Entered Level 4 of the Snake Pit
 36712 | Snake:4  | Found Qeeg's Jewellery Shoppe.
 36820 | Snake:4  | Reached skill level 15 in Fighting
 37040 | Snake:4  | Found a white marble altar of Elyvilon.
 41854 | Snake:4  | Got a serpentine rune of Zot
 42303 | Shoals:1 | Entered Level 1 of the Shoals
 42340 | Shoals:1 | Noticed Donald
 42742 | Shoals:1 | Killed Donald
 43022 | Shoals:1 | Noticed Roxanne
 43399 | Shoals:1 | Reached XP level 18. HP: 134/163 MP: 17/17
 44004 | Abyss:2  | Cast into level 2 of the Abyss (merfolk impaler)
 44008 | Shoals:1 | Escaped the Abyss
 45093 | Vaults:1 | Entered Level 1 of the Vaults
 45140 | Vaults:1 | Found a transporter.
 45658 | Vaults:1 | Identified the +0 robe of Shadows and Fog {Drain +Inv Int+3
                  | Slay+6}
 45658 | Vaults:1 | Identified the ring "Hivod" {rF+ SInv}
 45668 | Vaults:1 | Found a transporter.
 45974 | Vaults:1 | Reached skill level 16 in Fighting
 47126 | Vaults:1 | Reached skill level 17 in Fighting
 48478 | Vaults:2 | Found a staircase to the Crypt.
 48773 | Vaults:2 | Found Qaiciugh's Weapon Emporium.
 49063 | Vaults:2 | Noticed Margery
 49070 | Vaults:2 | Killed Margery
 49149 | Vaults:2 | Reached skill level 18 in Fighting
 50148 | Vaults:3 | Gained mutation: You are weak. (Str -2) [a shining eye]
 50345 | Vaults:3 | Reached XP level 19. HP: 181/181 MP: 18/18
 50370 | Vaults:3 | Reached skill level 19 in Fighting
 50478 | Vaults:3 | Reached skill level 20 in Fighting
 50478 | Vaults:3 | Received a gift from Trog
 50488 | Vaults:3 | Reached ****** piety under Trog
 51053 | Vaults:3 | Reached skill level 21 in Fighting
 51782 | Vaults:3 | Found a large runed translucent door.
 51783 | Vaults:3 | Found a large runed translucent door.
 51784 | Vaults:3 | Noticed MacCMillion's ghost (adept DgGl)
 51838 | Vaults:3 | Found a large runed translucent door.
 51838 | Vaults:3 | Found a large runed translucent door.
 51838 | Vaults:3 | Found a large runed translucent door.
 51838 | Vaults:3 | Found a large runed translucent door.
 51838 | Vaults:3 | Found a large runed translucent door.
 51838 | Vaults:3 | Found a large runed translucent door.
 55184 | Vaults:4 | Received a gift from Trog
 55838 | Vaults:4 | Reached skill level 15 in Dodging
 56540 | Vaults:4 | Received a gift from Trog
 56933 | Vaults:4 | Reached XP level 20. HP: 184/198 MP: 19/19
 57070 | Vaults:5 | Entered Level 5 of the Vaults
 57728 | Vaults:5 | Noticed a golden dragon
 57746 | Vaults:5 | Killed a golden dragon
 57781 | Vaults:5 | Noticed a golden dragon
 59005 | Vaults:5 | Reached skill level 22 in Fighting
 59152 | Vaults:5 | Noticed a golden dragon
 59164 | Vaults:5 | Killed a golden dragon
 59416 | Vaults:5 | Identified the ring "Ebleryevoo" {Ice Int+3}
 59441 | Vaults:5 | Identified the +1 fire dragon scales of the Pirate {rElec
                  | rF++ rC- Will+ Str+5 Slay-2}
 59450 | Vaults:5 | Got a silver rune of Zot
 60386 | Vaults:5 | Found Qomagig's General Store.
 60386 | Vaults:5 | Found Pameo's Book Shoppe.
 60391 | Vaults:5 | Received a gift from Trog
 60393 | Vaults:5 | Reached skill level 23 in Fighting
 60719 | Vaults:5 | Found Iklie's Distillery.
 60725 | Vaults:5 | Bought a potion of heal wounds for 95 gold pieces
 60725 | Vaults:5 | Bought a potion of might for 76 gold pieces
 60789 | Vaults:5 | Found Luav's Antique Armour Boutique.
 61455 | Vaults:5 | Bought a potion of cancellation for 152 gold pieces
 62022 | Shoals:1 | Reached XP level 21. HP: 189/213 MP: 20/20
 63193 | Shoals:3 | Found Vaocwel's Magic Scroll Shoppe.
 63520 | Shoals:3 | Found Ytageu Wohin's Assorted Antiques.
 63989 | Shoals:3 | Received a gift from Trog
 64471 | Shoals:3 | Bought a scroll of teleportation for 48 gold pieces
 64471 | Shoals:3 | Bought 3 scrolls of teleportation for 144 gold pieces
 64523 | Shoals:3 | Bought a granite ring for 200 gold pieces
 64900 | Shoals:4 | Entered Level 4 of the Shoals
 65021 | Shoals:4 | Noticed Nikola
 65655 | Shoals:4 | Noticed Polyphemus
 65657 | Shoals:4 | Killed Nikola
 65780 | Shoals:4 | Killed Polyphemus
 66218 | Shoals:4 | Noticed Mara
 66223 | Shoals:4 | Noticed Olfrad's illusion
 66242 | Shoals:4 | Killed Mara
 66312 | Shoals:4 | Found a runed translucent door.
 66316 | Shoals:4 | Found a corrupted altar of Lugonu.
 66316 | Shoals:4 | Found a one-way gate to the infinite horrors of the Abyss.
 66554 | Shoals:4 | Got a barnacled rune of Zot
 66755 | D:10     | Killed duchin's ghost
 67000 | Depths:1 | Entered Level 1 of the Depths
 67850 | Depths:1 | Identified a scroll of acquirement
 68037 | Depths:1 | Acquired the +8 tower shield "Fodwep" {rElec Str+3}
 68120 | Depths:1 | Found a one-way gateway to a ziggurat.
 68664 | Depths:1 | Found a gateway to Hell.
 68797 | Depths:1 | Found a runed translucent door.
 69087 | Depths:2 | Received a gift from Trog
 69212 | Depths:2 | Reached XP level 22. HP: 173/222 MP: 7/21
 69796 | Depths:2 | Found a one-way gate leading to the halls of Pandemonium.
 70273 | Depths:2 | Noticed a juggernaut
 70292 | Depths:2 | Killed a juggernaut
 70299 | Depths:2 | Identified the ring "Saev" {*Slow rF+++ rCorr Int+3 Dex+6}
 70328 | Depths:2 | Noticed a golden dragon
 70606 | Depths:2 | Found Didwill's General Store.
 70609 | Depths:2 | Bought a wand of light (7) for 499 gold pieces
 70609 | Depths:2 | Bought a potion of heal wounds for 85 gold pieces
 70670 | Depths:2 | Killed a golden dragon
 71225 | Depths:3 | Identified the +9 hand axe of Amortisation {drain, Str+4}
 71555 | Depths:3 | Received a gift from Trog
 72041 | Depths:3 | Gained mutation: Your body sometimes deteriorates upon
                  | taking damage. [a neqoxec]
 72063 | Depths:3 | Gained mutation: You are clumsy. (Dex -2) [a neqoxec]
 72455 | Depths:3 | Identified the +8 bardiche "Wimatwut" {elec, MP+9 Dex+5}
 72760 | Depths:4 | Entered Level 4 of the Depths
 73018 | Depths:4 | Found a runed translucent door.
 73019 | Depths:4 | Noticed Rong's ghost (journeyman DsGl)
 73290 | Depths:4 | Found Zin's Purification Station.
 73293 | Depths:4 | Found a glowing silver altar of Zin.
 73342 | Depths:4 | Identified the +4 leather armour of Rinaazxirph {Slay+3}
 74150 | Depths:4 | Noticed Saint Roka
 74164 | Depths:3 | Killed Saint Roka
 74693 | Depths:4 | Noticed a golden dragon
 74712 | Depths:4 | Killed a golden dragon
 75182 | Depths:4 | Found a gate to the Realm of Zot.
 75287 | Depths:4 | Lost mutation: You are weak. (Str -2) [potion of mutation]
 75287 | Depths:4 | Lost mutation: Your body sometimes deteriorates upon taking
                  | damage. [potion of mutation]
 75287 | Depths:4 | Lost mutation: You are clumsy. (Dex -2) [potion of
                  | mutation]
 75287 | Depths:4 | Gained mutation: Your muscles are strong. (Str +4, Int/Dex
                  | -1) [potion of mutation]
 75287 | Depths:4 | Lost mutation: Your muscles are strong. (Str +4, Int/Dex
                  | -1) [potion of mutation]
 75297 | Zot:1    | Entered Level 1 of the Realm of Zot
 75314 | Zot:1    | Noticed a golden dragon
 75336 | Zot:1    | Killed a golden dragon
 75789 | Zot:1    | Reached XP level 23. HP: 219/229 MP: 7/22
 75849 | Zot:1    | Reached skill level 24 in Fighting
 75895 | Zot:1    | Noticed an orb of fire
 75901 | Zot:1    | Gained mutation: Your body sometimes deteriorates upon
                  | taking damage. [an orb of fire]
 75923 | Zot:1    | Killed an orb of fire
 77281 | Zot:2    | Noticed an orb of fire
 77290 | Zot:2    | Gained mutation: Your body often deteriorates upon taking
                  | damage. [an orb of fire]
 77295 | Zot:2    | Killed an orb of fire
 77602 | Zot:2    | Noticed a curse toe
 77863 | Zot:2    | Reached skill level 25 in Fighting
 77903 | Zot:2    | Killed a curse toe
 79152 | Zot:2    | Reached skill level 26 in Fighting
 81049 | Zot:3    | Reached skill level 27 in Fighting
 82639 | Zot:4    | Reached XP level 24. HP: 163/249 MP: 7/22
 83762 | Zot:4    | Noticed an orb of fire
 83768 | Zot:4    | Gained mutation: Your spells are a little easier to cast,
                  | but a little less powerful. [an orb of fire]
 83778 | Zot:4    | Killed an orb of fire
 84013 | Zot:4    | Found a transporter.
 84032 | Zot:4    | Noticed a Killer Klown
 84033 | Zot:4    | Noticed a Killer Klown
 85226 | Zot:5    | Entered Level 5 of the Realm of Zot
 85503 | Zot:5    | Noticed an ancient lich
 85515 | Zot:5    | Killed an ancient lich
 85539 | Zot:5    | Noticed an ancient lich
 85541 | Zot:5    | Noticed an orb of fire
 85544 | Zot:5    | Noticed a Killer Klown
 85544 | Zot:5    | Noticed an orb of fire
 85548 | Zot:5    | Noticed an orb of fire
 85549 | Zot:5    | Noticed a dread lich
 85552 | Zot:5    | Noticed a Killer Klown
 85554 | Zot:5    | Noticed a Killer Klown
 85555 | Zot:5    | Noticed a Killer Klown
 85558 | Zot:5    | Noticed an orb of fire
 85559 | Zot:5    | Noticed a dread lich
 85566 | Zot:5    | Noticed a Killer Klown
 85569 | Zot:5    | Gained mutation: Armour fits poorly on your strangely
                  | shaped body. [an orb of fire]
 85575 | Zot:5    | Gained mutation: Your spells are easier to cast, but less
                  | powerful. [an orb of fire]
 85577 | Zot:5    | Noticed an orb of fire
 85578 | Zot:5    | Gained mutation: You occasionally lose the ability to drink
                  | potions when taking damage. [an orb of fire]
 85688 | Zot:4    | HP: 4/249 [red draconian scorcher/searing blast[a red
                  | draconian scorcher] (26)]
 85689 | Zot:4    | Killed from afar by a red draconian scorcher

Illustrated notes

Levels and vault maps discovered:
D:1:      nagdon_arrival_double_spiral, layout_basic
D:2:      layout_loops_cross, uniq_sigmund
D:3:      layout_basic, mainiacjoe_overflow_large_starburst,
          basic_ecumenical_altar, minmay_misc_feat_iff
D:4:      layout_basic, hangedman_feature_mirror, corexii_corridor_pit
D:5:      layout_rooms, fedhas_ov_isle_minmay, minmay_temple_entry_waves,
          minmay_starry_boxes, uniq_pikel, uniq_edmund
D:6:      lemuel_castle_with_subvaults [lemuel_castle_interior_original],
          layout_rooms, biasface_ghost_orc_armoury, nrook_uturn,
          dk_rats_in_the_wall, uniq_crazy_yiuf_cottage, uniq_prince_ribbit1
D:7:      layout_basic, minitemple, serial_co_window_serial, co_window_corner_a,
          co_window_paths_a, co_window_corner_a, co_window_of_opportunity_a,
          co_window_of_opportunity_a, co_window_2corner,
          co_window_of_opportunity_b, co_window_corner_b, glass_columns_a,
          glass_columns_b, glass_columns_b, glass_columns_b, glass_columns_b
D:8:      layout_rooms, hangedman_misty_isle
D:9:      layout_roguey, david_lair_shrubbed
D:10:     layout_irregular_city, grunt_temple_overflow_magic_moments,
          gammafunk_ghost_ooze, grunt_potential, uniq_amaemon
D:11:     layout_roguey, orc_0_dummy, portal_ice_cave_entry_pillars_2,
          xom_shifter_show, uniq_erolcha, uniq_snorg
D:12:     layout_loops_corners, serial_shops, nicolae_shop_behind_doors,
          lemuel_blue_sif_altar
D:13:     layout_grid_maze, jiyva_altar_1
D:14:     layout_grid_maze, grunt_vaults_entry_tiered, uniq_jorgrun
D:15:     grunt_enter_depths_snipers, layout_basic, gauntlet_entry_generic,
          nzn_ghost_randoct
Lair:1:   minmay_lair_venomous_thicket, layout_regular_city,
          infiniplex_staircase_pool_2, grunt_megastairs_3, uniq_erica
Lair:2:   layout_roguey, grunt_megastairs_5
Lair:3:   layout_cave_pods, minmay_shoals_entry_centaurs, dummy_snake_entry,
          ldierk_geyser, uniq_kirke
Lair:4:   layout_regular_city, minmay_slime_entry_pillars, serial_bayou_shore_a,
          uniq_rupert
Lair:5:   guppyfry_lair_end_dragon, layout_gridlike, hangedman_lair_in_review
Shoals:1: layout_shoals, uniq_donald, uniq_roxanne
Shoals:2: layout_shoals
Shoals:3: layout_shoals, serial_shops, shop_fountains, nicolae_stop_n_shop_2
Shoals:4: shoals_end_hangedman, layout_shoals,
          nicolae_shoals_abyss_on_the_beach, uniq_mara, uniq_nikola,
          uniq_polyphemus
Snake:1:  gammafunk_sealed_library, layout_cave_pods, minmay_shop_star,
          serial_bayou_shore_b
Snake:2:  layout_rooms
Snake:3:  layout_basic, uniq_vashnia
Snake:4:  johnstein_snake_rune_scales, layout_misc_corridors, basic_altar,
          serial_shops, shop
Orc:1:    layout_caves, enter_volcano_1
Orc:2:    st_orc_ogre_mass, layout_caves, bloody_makhleb
Vaults:1: vaults_dpeg_cross, gammafunk_sealed_arena, hangedman_vaults_locks,
          nicolae_vaults_ninety_degrees, vaults_room_pools, v_misc_18,
          hangedman_vaults_hat, nicolae_vaults_what_the_h,
          nicolae_vaults_network_s, serial_ice_g, vaults_room_ringed_pool,
          ontoclasm_vaults_ring_large, grunt_vaults_hallway_long,
          vaults_mumra_lcd, layout_vaults_big_cross
Vaults:2: nicolae_vaults_little_squares_6, v_misc_26,
          grunt_vaults_hallway_short, nicolae_vaults_mini_display_case,
          v_misc_19, nicolae_vaults_windows_and_doors_thing,
          ontoclasm_vaults_fault, v_alt_pattern_3,
          minmay_crypt_entry_simple_box, vaults_room_door_ring,
          vaults_room_stairs_pillars, vaults_dpeg_ring,
          vaults_dpeg_emergency_exit, vaults_room_semicircle,
          layout_vaults_quadrants, serial_shops,
          nicolae_shop_bloodbath_and_beyond, uniq_margery
Vaults:3: advil_vaults_ghost_lines, vaults_room_glass_cross,
          nicolae_vaults_network_star, nicolae_vaults_arrows, v_misc_4,
          v_misc_23, v_misc_3, hangedman_vaults_nails, nicolae_vaults_little_ls,
          vaults_room_hallway, nicolae_vaults_alarming,
          layout_vaults_chaotic_city
Vaults:4: v_misc_25, ontoclasm_vaults_spin, nicolae_vaults_diagonal_hallway_7,
          hangedman_vaults_variations, vaults_room_large_hall,
          nicolae_vaults_inception_scallops, v_misc_29, grunt_vaults_focal,
          v_alt_pattern_3, v_misc_4, v_pattern_1, nicolae_vaults_shelves_hall,
          layout_vaults_ring
Vaults:5: serial_shops
Depths:1: layout_small_grid, enter_ziggurat_b, lightli_too_deep,
          nicolae_cairo_tiling_large_dashed, minmay_hidden_floor
Depths:2: minmay_concentric_multi, layout_cave_pools, serial_shops,
          kennysheep_mini_moat, pf_hell_entry_tar_spiral, pan_entry
Depths:3: kennysheep_demon_jail, layout_cave_pools,
          chequers_serial_rivers_small_b, rand_demon_pan_entry_1, abyss_entry,
          pf_coc_iceberg
Depths:4: grunt_zot_entry_pinwheel, layout_twisted_cross,
          grunt_hell_entry_dis_grunt, minmay_misc_feat_rows,
          hellmonk_ghost_happy_afterlife, zin_purify, uniq_saint_roka
Zot:1:    kennysheep_six_static_rooms, layout_basic, st_stairs_3,
          skrybe_zot_glass_3
Zot:2:    layout_gridville, grunt_megastairs_2
Zot:3:    layout_basic
Zot:4:    gammafunk_the_bubble [the_bubble_gammafunk_crates],
          layout_misc_corridors
Zot:5:    layout_basic

Skill      XL: |  1  2  3  4  5  6  7  8  9 10 11 12 13 14 15 16 17 18 19 20 21 22 23 24 |
---------------+-------------------------------------------------------------------------+-----
Fighting       | 4 11 12 14 15 18 21 23 27 | 27.0
Axes           | 4 5 7 9 11 13 16 17 20 21 22 | 22.2
Shields        | 1 6 12 15 16 18 21 | 21.1
Armour         | 5 12 14 17 18 20 21 22 | 22.8
Maces & Flails | 1 |  1.0
Evocations     | 2 6 8 10 12 | 12.8
Throwing       | 5 8 |  8.0
Dodging        | 7 10 11 12 15 17 18 | 18.5
Short Blades   | 1 |  1.0
Long Blades    | 1 |  1.1
Ranged Weapons | 1 |  1.0
Stealth        | |  0.1
Invocations    | |  0.9

Action                   |  1- 3 |  4- 6 |  7- 9 | 10-12 | 13-15 | 16-18 | 19-21 | 22-24 || total
-------------------------+-------+-------+-------+-------+-------+-------+-------+-------++-------
Melee: Hand axe          |    48 |   106 |   227 |   457 |   155 |       |     2 |       ||   995
       Headbutt          |     9 |    19 |    43 |   143 |   331 |   505 |   564 |   498 ||  2112
       Punch             |     1 |       |       |       |       |       |       |       ||     1
       War axe           |       |       |    32 |   103 |  1037 |  1767 |  1095 |       ||  4034
       Flail             |       |       |       |    21 |       |       |       |       ||    21
       Broad axe         |       |       |       |       |       |       |   616 |  1549 ||  2165
Throw: Stone             |       |       |    21 |     4 |    16 |       |       |       ||    41
       Boomerang         |       |       |     2 |       |    27 |   128 |    66 |    29 ||   252
       Dart              |       |       |     1 |    32 |   153 |    19 |    58 |     8 ||   271
       Javelin           |       |       |       |       |    13 |    15 |    15 |       ||    43
Invok: Berserk           |     2 |     1 |     4 |     9 |    11 |    30 |    13 |    23 ||    93
       Trog's Hand       |       |     1 |     7 |    12 |    32 |    28 |    34 |    13 ||   127
       Brothers in Arms  |       |       |       |     1 |     2 |     3 |     1 |     3 ||    10
 Abil: Evoke Blink       |       |       |       |       |     9 |       |       |       ||     9
Evoke: Wand              |       |       |       |       |     5 |     4 |    12 |     7 ||    28
       Lightning rod     |       |       |       |       |       |     4 |    21 |       ||    25
       Condenser vane    |       |       |       |       |       |       |     4 |     3 ||     7
       Tin of tremorston |       |       |       |       |       |       |       |     2 ||     2
       Box of beasts     |       |       |       |       |       |       |       |     1 ||     1
  Use: Scroll            |       |     2 |     3 |    14 |    13 |    10 |    14 |    12 ||    68
       Potion            |       |       |       |       |     1 |     5 |     4 |    18 ||    28
 Stab: Sleeping          |     1 |     1 |       |       |       |       |       |       ||     2
       Distracted        |       |       |       |       |     1 |       |     1 |       ||     2
       Invisible         |       |       |       |       |       |       |     1 |     8 ||     9
Armor: Animal skin       |    12 |     6 |       |       |       |       |       |       ||    18
       Scale mail        |       |    12 |    24 |       |       |       |       |       ||    36
       Chain mail        |       |       |    52 |       |       |       |       |       ||    52
       Plate armour      |       |       |     3 |   229 |   516 |   743 |   645 |   376 ||  2512
Dodge: Dodged            |    30 |    58 |    81 |   132 |   325 |   572 |   485 |   324 ||  2007
Block: Buckler           |     3 |     6 |    18 |    72 |   287 |   229 |       |       ||   615
       Reflection        |       |       |       |       |       |   148 |   100 |    19 ||   267
       Kite shield       |       |       |       |       |       |  1297 |  1616 |       ||  2913
       Tower shield      |       |       |       |       |       |       |   165 |  1798 ||  1963
